 Dungeon Crawl Stone Soup version 0.23-a0-80-gc95c2c7 (console) character file.

37 tminei the Firebug (level 3, -33/19 HPs)
             Began as a Gargoyle Fire Elementalist on Aug 12, 2018.
             Killed from afar by a jackal (51 damage)
             ... with an exploding inner flame
             ... hexed by the player character
             ... on level 1 of the Dungeon.
             The game lasted 00:14:01 (1047 turns).

tminei the Firebug (Gargoyle Fire Elementalist)     Turns: 1047, Time: 00:14:02

Health: -33/19     AC:  5    Str: 11    XL:     3   Next: 41%
Magic:  0/6        EV: 12    Int: 16    God:
Gold:   26         SH:  0    Dex: 10    Spells: 0/6 levels left

rFire    . . .     SeeInvis .   b - +0 dagger
rCold    . . .     Gourm    .   (no shield)
rNeg     + . .     Faith    .   g - +0 robe
rPois    ∞         Spirit   .   (no helmet)
rElec    +         Reflect  .   (no cloak)
rCorr    .         Harm     .   (no gloves)
MR       .....                  (no boots)
Stlth    ++........             (no amulet)
HPRegen  0.06/turn              (no ring)
MPRegen  0.10/turn              (no ring)

@: very slightly contaminated
A: negative energy resistance 1, electricity resistance, unbreathing,
petrification resistance, rot immunity, AC +3
a: no special abilities


You were on level 1 of the Dungeon.
You were not hungry.

You visited 1 branch of the dungeon, and saw 2 of its levels.

You collected 26 gold pieces.

Inventory:

Hand Weapons
 b - a +0 dagger (weapon)
Missiles
 h - 14 arrows
 j - 49 stones (quivered)
Armour
 g - a +0 robe (worn)
Scrolls
 a - a scroll of enchant weapon {unknown}
 e - 2 scrolls of identify {unknown}
 k - a scroll of remove curse {unknown}
Potions
 d - a potion of magic {unknown}
 i - 3 potions of brilliance {unknown}
Comestibles
 c - a ration
 f - 4 chunks of flesh


   Skills:
 + Level 1.7 Dodging
 + Level 2.5 Stealth
 + Level 2.3 Spellcasting
 + Level 1.2 Conjurations
 + Level 3.9 Fire Magic


You couldn't memorise any spells.
You knew the following spells:

 Your Spells              Type           Power        Failure   Level  Hunger
a - Flame Tongue          Conj/Fire      ##...        7%          1    #......
b - Inner Flame           Hex/Fire       #.......     26%         3    ###....
c - Throw Flame           Conj/Fire      ##....       11%         2    ###....

Your spell library contained the following spells:

 Spells                   Type           Power        Failure   Level  Hunger
 Fireball                 Conj/Fire      ##........   89%         5    ######.
 Conjure Flame            Conj/Fire      ##......     22%         3    ###....
 Sticky Flame             Conj/Fire      ##......     56%         4    #####..


Dungeon Overview and Level Annotations

Branches:
Dungeon (2/15)

Altars:


Innate Abilities, Weirdness & Mutations

You are resistant to torment.
Your stone body is resilient. (AC +3)
You are immune to poison.
You resist negative energy. (rN+)
You are resistant to electric shocks. (rElec)
You can survive without breathing.
You are immune to petrification.
You are immune to rotting.


Message History

The jackal misses you. The jackal bites you.
You take 1 damage, and have 18/19 hp.
You barely miss the jackal.
The jackal is heavily wounded.
The jackal closely misses you.
The jackal bites you but does no damage.
The jackal misses you.
You closely miss the jackal.
The jackal is heavily wounded.
The jackal barely misses you.
The jackal bites you but does no damage. x2
You hit the jackal.
The jackal explodes!
The fiery explosion engulfs the jackal.
You kill the jackal!
The fiery explosion engulfs the jackal.
You kill the jackal!
The fiery explosion engulfs you!
Ouch! That really hurt!
You die... .....ЇЇЇ. ЇЇ. ....r..Ї.. .Ї.. ....(....ЇЇЇ... .....%........ ...........Ї Ї.........Ї ЇЇЇЇ.........Ї .........%...+ ЇЇЇЇЇЇЇ

ЇЇ.........Ї
Ї.....Ї
Ї...r.....Ї
Ї.....Ї
Їr........Ї
Ї.....Ї
Ї.§.......+
Ї.....Ї
Ї.§g......Ї
Ї.....Ї
Ї@ЇЇЇ.......
Ї.....Ї Ї.Ї
Ї.ЇЇЇЇЇЇЇ
Ї.....ЇЇЇЇЇЇ.Ї
Ї.Ї
Ї.....'......Ї
Ї.Ї
Ї.....ЇЇЇЇЇЇЇЇ
.Ї
ЇЇЇЇ+Ї).......
Ї.ЇЇЇЇЇЇЇЇЇ
Ї.Ї.......Ї
Ї.Ї.ЇЇЇЇ.ЇЇ
Ї.Ї.ЇЇЇЇ.Ї .Ї
Ї.Ї....Ї.ЇЇ.Ї
Ї.ЇЇЇЇЇЇ.ЇЇ.Ї
Ї........ЇЇ.Ї
Ї.....ЇЇЇЇЇ.Ї


ЇЇЇЇЇЇЇЇ Ї.....ЇЇЇЇЇ.Ї Ї......Ї +.....'.....ЇЇЇЇЇ......Ї
Ї.....Ї................ЇЇ Ї.....Ї.ЇЇЇ.............Ї Ї.....Ї.Ї.'.....).......Ї
Ї.....Ї.Ї.Ї.............Ї ЇЇЇЇЇЇЇ.Ї.Ї.ЇЇЇЇ'ЇЇЇ....Ї Ї.Ї.Ї.Ї Ї.Ї Ї....Ї Ї.Ї.Ї.Ї
Ї.Ї Ї....Ї Ї.Ї.Ї.Ї Ї.Ї Ї....Ї Ї.Ї.Ї Ї.Ї Ї....Ї Ї.Ї.Ї Ї.Ї Ї....Ї Ї.Ї Ї.Ї Ї....Ї
You could see a goblin and 2 rats.

Vanquished Creatures
  An adder (D:2)
  An ooze (D:2)
  A dart slug (D:2)
  A leopard gecko (D:1)
  2 bats
  3 goblins (D:1)
  2 hobgoblins (D:1)
  2 jackals (D:1)
  2 kobolds (D:1)
  A frilled lizard (D:1)
  4 rats
20 creatures vanquished.

Notes
Turn   | Place    | Note
-------+----------+-------------------------------------------
     0 | D:1      | tminei the Gargoyle Fire Elementalist began the quest for the Orb.
     0 | D:1      | Reached XP level 1. HP: 10/10 MP: 3/3
   436 | D:2      | Reached XP level 2. HP: 15/15 MP: 0/5
   546 | D:2      | Reached XP level 3. HP: 8/19 MP: 0/6
   857 | D:1      | Learned a level 3 spell: Inner Flame
   860 | D:1      | Learned a level 2 spell: Throw Flame
  1047 | D:1      | Killed from afar by a jackal

Vault maps used:
D:1:      minmay_arrival_stair_chambers, minmay_fountain_box,
          minmay_strange_pillars
D:2:      lemuel_doored_altar, first_ration, chequers_ecumenical_altar_lobes,
          minmay_shallow_snake_nest

Action                   || total
-------------------------++-------
Melee: Unarmed           ||    21
       Dagger            ||    13
 Cast: Flame Tongue      ||    32
       Inner Flame       ||     2
       Throw Flame       ||     1
  Eat: Chunk             ||     1
Armor: Robe              ||    20
Dodge: Dodged            ||    38

Table legend:
 A = Non-vault XP
 B = Vault XP
 C = Vault XP percentage of total XP
 D = Non-vault monster count
 E = Vault monster count
 F = Vault count percentage of total count
 G = Total turns spent on level
                 A         B        C        D         E       F
            +---------+---------+-------+---------+---------+-------
      Total |      54 |       0 |   0.0 |      20 |       0 |   0.0
            +---------+---------+-------+---------+---------+-------
        D:1 |      26 |       0 |   0.0 |      14 |       0 |   0.0
        D:2 |      28 |       0 |   0.0 |       6 |       0 |   0.0
            +---------+---------+-------+---------+---------+-------
